 Dungeon Crawl Stone Soup version 0.31-a0-230-g09eb5fc4d3 (webtiles) character file.

Game seed: 2712974512099905054

404 qw the Shooter (level 6, -1/52 HPs)
             Began as a Minotaur Hexslinger on July 6, 2023.
             Was an Initiate of Okawaru.
             Engulfed by a steam dragon's steam (3 damage)
             ... on level 8 of the Dungeon.
             The game lasted 00:01:07 (3729 turns).

qw the Shooter (Minotaur Hexslinger)                Turns: 3729, Time: 00:01:08

Health: -1/52      AC:  5    Str: 13    XL:     6   Next: 56%
Magic:  6/6        EV: 11    Int: 10    God:    Okawaru [......]
Gold:   187        SH:  5    Dex: 14    Spells: 6/7 levels left

rFire   . . .        Y - +5 sling
rCold   . . .        (no shield)
rNeg    . . .        m - +0 ring mail
rPois   .            (helmet restricted)
rElec   .            (no cloak)
rCorr   .            (no gloves)
SInv    .            (no boots)
Will    .....        i - amulet of reflection
Stlth   +            (no ring)
HPRegen 0.28/turn    (no ring)
MPRegen 0.10/turn

%: reflection
@: lethally poisoned (-1 -> -6), about to teleport
A: horns 2, retaliatory headbutt
a: Renounce Religion


You were on level 8 of the Dungeon.
You worshipped Okawaru.
Okawaru was noncommittal.
You visited 2 branches of the dungeon, and saw 7 of its levels.

You collected 187 gold pieces.


Innate Abilities, Weirdness & Mutations

You have a pair of horns on your head.
You reflexively headbutt those who attack you in melee.


   Skills:
 - Level 4.0 Fighting
 + Level 6.5 Ranged Weapons
 - Level 2.0 Armour
 - Level 2.1 Dodging
 - Level 1.0 Spellcasting
 - Level 2.0 Hexes


You had 6 spell levels left.
You knew the following spells:

 Your Spells              Type           Power      Damage    Failure   Level
a - Slow                  Hex            16%        N/A       32%         1

Your spell library contained the following spells:

 Spells                   Type           Power      Damage    Failure   Level
 Inner Flame              Hex/Fire       2%         N/A       82%         3
 Portal Projectile        Hex/Tloc       4%         N/A       82%         3
 Cause Fear               Hex            2%         N/A       97%         4

Inventory:

Hand Weapons
 Y - a +5 sling (weapon)
Armour
 m - a +0 ring mail (worn)
Jewellery
 i - an amulet of reflection (around neck)
 l - a ring of fire
Scrolls
 f - a scroll of identify
 h - 5 scrolls of teleportation
Potions
 b - a potion of enlightenment {unknown}
 g - a potion of lignification {unknown}
 k - a potion of ambrosia {unknown}

Dungeon Overview and Level Annotations

Branches:
Dungeon (8/15)             Temple (1/1) D:4
   Lair: D:8-11

Altars:
Ashenzari
Cheibriados
Dithmenos
Elyvilon
Fedhas
Gozag
Hepliaklqana
Makhleb
Nemelex Xobeh
Okawaru
Qazlal
Sif Muna
Trog
Uskayaw
Vehumet
Xom
Yredelemnul
Zin
The Shining One

Annotations:
D:3 3 runed translucent doors, qw's ghost, amateur GrHs


Message History

The kobold falls through a shaft!
The shaft crumbles and collapses.
A kobold comes into view. It is wielding a +0 short sword.
A kobold comes into view. It is wielding a +0 dagger.
A two-headed ogre comes into view.
It is wielding two +0 giant spiked clubs.
The kobold falls through a shaft!
The shaft crumbles and collapses.
The centaur falls through a shaft!
The shaft crumbles and collapses.
A kobold brigand comes into view.
It is wielding a +1 dagger of protection and quivering poisoned darts.
You shoot a sling bullet. The kobold shouts!
The sling bullet hits the kobold!
You kill the kobold!
Okawaru accepts your kill.
You hear a shout!
The kobold throws a stone.
The stone hits you.
The kobold falls through a shaft!
The shaft crumbles and collapses.
The kobold brigand is engulfed in a cloud of scalding steam.
A kobold comes into view. It is wielding a +0 dagger.
The kobold brigand throws a poisoned dart.
The poisoned dart hits you!
You are poisoned.
The kobold falls through a shaft!
The shaft crumbles and collapses.
The steam dragon breathes steam at you. The ball of steam hits you!
A kobold comes into view. It is wielding a +0 short sword.
The kobold brigand moves out of view.
The kobold shouts!
You hear a shout!
You shoot a sling bullet.
The sling bullet hits the kobold brigand!
The kobold brigand is severely wounded.
You are engulfed in a cloud of scalding steam.
You feel very sick.
The kobold falls through a shaft!
The shaft crumbles and collapses.
A kobold comes into view. It is wielding a +0 dagger.
The kobold brigand falls through a shaft!
The shaft crumbles and collapses.
3729 ||| READING 6 scrolls of teleportation.
As you read the scroll of teleportation, it crumbles to dust.
You feel strangely unstable.
You are engulfed in a cloud of scalding steam.
You die...

#.######## #.$...#
#......... #.....#
########## #.....#
#.....# .####....[##
.......¤¤¤.#
.........¤.#
.......@¤..#
.....0¤....#
.KK..¤.....###
..KD)........#
..O^0....###/#
KK.^...^...#.#
.K.......#...###########
..^^........>...........
^D.....##############.


You could see a two-headed ogre, a steam dragon and 5 kobolds.

Vanquished Creatures
  A sky beast (D:4)
  A centaur (D:4)
  A scorpion (D:4)
  A hound (D:4)
  An orc wizard (D:4)
  5 adders
  3 worms
  4 orcs
  4 endoplasms
  3 giant cockroaches
  6 hobgoblins
  2 jackals (D:3)
  A quokka (D:2)
  5 ball pythons
  5 bats
  4 frilled lizards
  2 goblins
  9 kobolds
  7 rats
65 creatures vanquished.

Notes
Turn   | Place    | Note
-------+----------+-------------------------------------------
     0 | D:1      | qw the Minotaur Hexslinger began the quest for the Orb.
     0 | D:1      | Reached XP level 1. HP: 16/16 MP: 1/1
     0 | D:1      | 0 ||| qw: Version: 0.3-a-46-gb1f654a
     0 | D:1      | 0 ||| qw: Game counter: 1783
     0 | D:1      | 0 ||| qw: Melee chars always use a shield: true
     0 | D:1      | 0 ||| qw: God list: Okawaru
     0 | D:1      | 0 ||| qw: Allow faded altars: false
     0 | D:1      | 0 ||| qw: Do Orc after clearing Dungeon:15 true
     0 | D:1      | 0 ||| qw: Do second Lair branch before Depths: true
     0 | D:1      | 0 ||| qw: Lair rune preference: random
     0 | D:1      | 0 ||| qw: Goals: Normal
     0 | D:1      | 0 ||| PLANNING D:1-11
   184 | D:1      | Reached skill level 3 in Ranged Weapons
   184 | D:1      | Reached XP level 2. HP: 23/23 MP: 2/2
   664 | D:1      | 664 ||| READING scroll labelled IWEAQI YKHAIXI.
   665 | D:1      | 665 ||| READING scroll labelled GAAGRO YTENI.
   666 | D:1      | 666 ||| READING scroll labelled DUOBAYZX NASSE.
   667 | D:1      | 667 ||| READING scroll labelled BOTHRON LUNE.
   668 | D:1      | 668 ||| READING scroll labelled WUFEPT ROSE.
   669 | D:1      | 669 ||| READING scroll labelled HUOTOA ZOEQUTZ.
   670 | D:1      | 670 ||| READING scroll labelled MUXTAPRUNK.
   671 | D:1      | 671 ||| DROPPING scroll of poison.
   690 | D:2      | Found a radiant altar of Vehumet.
   722 | D:2      | HP: 5/24 [frozen (5)]
   726 | D:2      | HP: 2/25 [frozen (4)]
   844 | D:2      | Reached XP level 3. HP: 30/30 MP: 3/3
   919 | D:2      | HP: 7/30 [poisoned by an adder]
  1139 | D:2      | Reached skill level 4 in Ranged Weapons
  1140 | D:2      | HP: 7/30 [poisoned by an adder]
  1316 | D:2      | 1316 ||| READING 3 scrolls of enchant weapon.
  1316 | D:2      | 1316 ||| ENCHANTING +2 sling.
  1317 | D:2      | 1317 ||| READING 2 scrolls of enchant weapon.
  1317 | D:2      | 1317 ||| ENCHANTING +3 sling.
  1318 | D:2      | 1318 ||| READING scroll of enchant weapon.
  1318 | D:2      | 1318 ||| ENCHANTING +4 sling.
  1421 | D:2      | Found a faded altar of an unknown god.
  1422 | D:2      | 1422 ||| UPGRADING to amulet of reflection.
  1427 | D:2      | 1427 ||| READING 3 scrolls labelled WUTUIR TAUMEWK.
  1511 | D:3      | Found a shimmering blue altar of Sif Muna.
  1580 | D:3      | Reached XP level 4. HP: 34/37 MP: 4/4
  1830 | D:3      | Found a runed translucent gate.
  1831 | D:3      | Found a runed translucent gate.
  1832 | D:3      | Found a runed translucent gate.
  1833 | D:3      | Noticed qw's ghost (amateur GrHs)
  1834 | D:3      | Noticed qw's ghost (amateur GrHs)
  2015 | D:3      | Found a sparkling altar of Nemelex Xobeh.
  2415 | D:3      | 2415 ||| UPGRADING to +0 ring mail.
  2425 | D:3      | 2425 ||| DROPPING +0 robe.
  2426 | D:3      | 2426 ||| READING 2 scrolls labelled TOVU ICESHEESM.
  2427 | D:3      | 2427 ||| READING 2 scrolls of identify.
  2427 | D:3      | 2427 ||| IDENTIFYING purple potion
  2428 | D:3      | 2428 ||| DROPPING scroll of noise.
  2745 | D:4      | Noticed a sky beast
  2758 | D:4      | Killed a sky beast
  2759 | D:4      | Reached skill level 6 in Ranged Weapons
  2759 | D:4      | Reached XP level 5. HP: 23/42 MP: 5/5
  2940 | D:4      | 2940 ||| DRINKING potion of curing.
  2940 | D:4      | 2940 ||| (to cure confusion)
  2951 | D:4      | Reached skill level 3 in Fighting
  2951 | D:4      | Reached XP level 6. HP: 47/51 MP: 6/6
  3052 | D:4      | Found a staircase to the Ecumenical Temple.
  3053 | D:4      | 3053 ||| PLANNING TEMPLE
  3053 | D:4      | 3053 ||| DROPPING ring of wizardry.
  3054 | D:4      | 3054 ||| DRINKING 2 metallic sapphire potions.
  3055 | D:4      | 3055 ||| DRINKING 2 glowing silvery potions.
  3056 | D:4      | 3056 ||| DROPPING potion of attraction.
  3065 | Temple   | Entered the Ecumenical Temple
  3179 | Temple   | 3179 ||| PLANNING OKAWARU WORSHIP
  3251 | Temple   | Became a worshipper of Warmaster Okawaru
  3252 | Temple   | 3252 ||| PLANNING D:1-11
  3444 | D:5      | Entered Level 5 of the Dungeon
  3447 | D:5      | 3447 ||| STAIRDANCE
  3539 | D:5      | 3539 ||| STAIRDANCE
  3584 | D:5      | 3584 ||| STAIRDANCE
  3634 | D:5      | You fall into a shaft and drop 3 floors!
  3717 | D:8      | Noticed a steam dragon
  3719 | D:8      | 3719 ||| Stepping ~*~*~tactically~*~*~ (cloud).
  3720 | D:8      | 3720 ||| Stepping ~*~*~tactically~*~*~ (cloud).
  3723 | D:8      | HP: 12/52 [something/ball of steam (16)]
  3724 | D:8      | 3724 ||| DRINKING potion of heal wounds.
  3725 | D:8      | 3725 ||| Stepping ~*~*~tactically~*~*~ (cloud).
  3725 | D:8      | Identified the +1 robe of Jeikaer {*Slow Slay+5}
  3726 | D:8      | Noticed a two-headed ogre
  3728 | D:8      | HP: 4/52 [something] (17)]
  3729 | D:8      | 3729 ||| READING 6 scrolls of teleportation.
  3729 | D:8      | Engulfed by a steam dragon's steam

Levels and vault maps discovered:
D:1:      scummos_arrival_star, layout_basic, chequers_serial_rivers_small_b,
          minmay_misc_feat_encased, nicolae_concentric_dashed_squares_wild
D:2:      layout_basic, hellmonk_ecumenical_altar_leap_of_faith, basic_altar
D:3:      layout_loops_corners, overflow_temple_1_default,
          nicolae_sif_muna_condensation, gammafunk_ghost_cemetery
D:4:      layout_basic, minmay_temple_entry_statues
D:5:      layout_basic, nicolae_wu_jian_wuxing_cycle
D:8:      layout_basic, minmay_holes, nicolae_water_bricks, uniq_prince_ribbit1
Temple:   bh_familiar_temple

Skill      XL: |  1  2  3  4  5  6 |
---------------+-------------------+-----
Ranged Weapons | 3 4 6 |  6.5
Fighting       | 2 3 4 |  4.0
Armour         | 2 |  2.0
Dodging        | |  2.1
Spellcasting   | |  1.0
Hexes          | |  2.0

Action                     |  1- 3 |  4- 6 || total
---------------------------+-------+-------++-------
   Fire: Sling             |    95 |   108 ||   203
    Use: Scroll            |    11 |     3 ||    14
         Potion            |       |     4 ||     4
 Armour: Robe              |    13 |       ||    13
         Ring mail         |       |    15 ||    15
  Dodge: Dodged            |    42 |    21 ||    63
  Block: Other             |     2 |     9 ||    11
         Reflection        |       |     3 ||     3

Table legend:
 A = Non-vault XP
 B = Vault XP
 C = Vault XP percentage of total XP
 D = Non-vault monster count
 E = Vault monster count
 F = Vault count percentage of total count
                 A         B        C        D         E       F
            +---------+---------+-------+---------+---------+-------
      Total |     578 |       0 |   0.0 |      65 |       0 |   0.0
            +---------+---------+-------+---------+---------+-------
        D:1 |      16 |       0 |   0.0 |      12 |       0 |   0.0
        D:2 |      68 |       0 |   0.0 |      14 |       0 |   0.0
        D:3 |      46 |       0 |   0.0 |      17 |       0 |   0.0
        D:4 |     447 |       0 |   0.0 |      21 |       0 |   0.0
        D:8 |       1 |       0 |   0.0 |       1 |       0 |   0.0
            +---------+---------+-------+---------+---------+-------
